 Dungeon Sprint DCSS version 0.22.2-1-ge965b3a (webtiles) character file.

100 pasperui the Fighter (level 4, -15/44 HPs)
             Began as a Hill Orc Fighter on July 17, 2019.
             Demolished by a water elemental (19 damage)
             ... in the Dungeon (Sprint III: "The Ten Rune Challenge").
             The game lasted 00:02:34 (188 turns).

pasperui the Fighter (Hill Orc Fighter)              Turns: 188, Time: 00:02:34

Health: -15/44     AC:  6    Str: 19    XL:     4   Next: 74%
Magic:  4/4        EV:  7    Int:  8    God:
Gold:   17         SH:  9    Dex: 10    Spells: 3/3 levels left

rFire    . . .     SeeInvis .   a - +0 long sword
rCold    . . .     Gourm    .   c - +0 shield
rNeg     . . .     Faith    .   b - +0 scale mail
rPois    .         Spirit   .   (no helmet)
rElec    .         Reflect  .   (no cloak)
rCorr    .         Harm     .   (no gloves)
MR       +....     Clarity  +   (no boots) Stlth ..........NoTele +
                                (no amulet)
HPRegen  0.14/turn              (no ring)
MPRegen  0.09/turn              (no ring)

@: engulfed (cannot breathe)
A: clarity, frail 1, magic resistance 1, evolution 1
a: no special abilities


You were in the Dungeon.
You were not hungry.

You visited 1 branch You collected 17 gold pieces.

Inventory:

Hand Weapons
 a - a +0 long sword (weapon)
Missiles
 m - 23 stones (quivered)
 o - 7 javelins
Armour
 b - a +0 scale mail (worn)
 c - a +0 shield (worn)
Scrolls
 j - a scroll of immolation {unknown}
 k - a scroll of blinking
 p - 5 scrolls of identify
 r - a scroll of holy word {unknown}
 s - 2 scrolls of remove curse
Potions
 d - a potion of might
 e - a potion of curing
 g - 2 potions of heal wounds
 h - a potion of haste
 i - 2 potions of magic
 n - a potion of ambrosia {unknown}
 q - 2 potions of flight {unknown}
Comestibles
 f - 3 rations
 l - 2 chunks of flesh


   Skills:
 * Level 8.5 Fighting
 - Level 7.1 Long Blades
 - Level 3.2 Armour
 - Level 3.2 Shields


You had 3 spell levels left.
You didn't know any spells.
Your spell library was empty.

Dungeon Overview and Level Annotations

Branches:
Dungeon (1/1)

Altars:


Innate Abilities, Weirdness & Mutations

You possess an exceptional clarity of mind.
You are frail. (-10% HP)
You are resistant to hostile enchantments. (MR+)
You evolve.


Message History

A water elemental comes into view.
The water elemental hits you!!
The water elemental engulfs you in water!
There is an open door to the Ecumenical Temple, spattered with blood here.
You slash the water elemental!
The water elemental is moderately damaged.
Your lungs strain for air!
The water elemental hits you.
You hit the water elemental.
The water elemental is heavily damaged.
* * * LOW HITPOINT WARNING * * *
Your lungs strain for air!
You block the water elemental's attack. The water elemental hits you.
* * * LOW HITPOINT WARNING * * *
You hit the water elemental.
The water elemental is heavily damaged.
* * * LOW HITPOINT WARNING * * *
Your lungs strain for air!
The water elemental hits you!!
You die...

▓▓▓▓▓▓▓ ▓▓▓ ..#...####
##.# ..#......#####..#
.##.......#..#..#
#.##.##...#..#..###+#+##
#.##.###..##'#..#.......
.####)##..###...@E⌠.....
###..##..####...#...####
.÷...##..###....#.⌠.#
##..##...##.....#...#
#..##....#†.....#+###
..###..##.#.....# ..#
#.. ####....# ▓▓▓ ▓▓▓
▓▓▓▓▓▓


You could see a water elemental.

Vanquished Creatures
  A scorpion (D)
  Jessica (D)
  A human (D)
  An ooze (D)
  2 rats (D)
6 creatures vanquished.

Vanquished Creatures (others)
  2 draconian scorchers (D)
  5 hellions (D)
  A yaktaur (D)
  2 plants (D)
10 creatures vanquished.

Grand Total: 16 creatures vanquished

Notes
Turn   | Place    | Note
-------+----------+-------------------------------------------
     0 | D        | pasperui the Hill Orc Fighter began the quest for the Orb.
     0 | D        | Reached XP level 1. HP: 19/19 MP: 1/1
    37 | D        | Noticed Jessica
    48 | D        | Killed Jessica
    48 | D        | Reached XP level 2. HP: 23/26 MP: 2/2
    48 | D        | Reached XP level 3. HP: 27/31 MP: 3/3
    86 | D        | Killed a yaktaur
   104 | D        | Reached skill level 5 in Fighting
   105 | D        | Noticed a scorpion
   111 | D        | Killed a scorpion
   111 | D        | Reached skill level 8 in Fighting
   111 | D        | Reached XP level 4. HP: 49/49 MP: 4/4
   121 | D        | Killed a hellion
   154 | D        | Killed a hellion
   155 | D        | Killed a hellion
   156 | D        | Killed a white draconian scorcher
   156 | D        | Killed a hellion
   157 | D        | Killed a hellion
   167 | D        | Killed a white draconian scorcher
   169 | D        | Gained mutation: Your magical capacity is low. (-10% MP)
                  | [potion of mutation]
   169 | D        | Gained mutation: Your magical capacity is very low. (-20%
                  | MP) [potion of mutation]
   169 | D        | Gained mutation: Your mind is acute. (Int +2) [potion of
                  | mutation]
   170 | D        | Lost mutation: Your magical capacity is very low. (-20% MP)
                  | [potion of mutation]
   170 | D        | Lost mutation: Your magical capacity is low. (-10% MP)
                  | [potion of mutation]
   170 | D        | Lost mutation: Your mind is acute. (Int +2) [potion of
                  | mutation]
   170 | D        | Gained mutation: Your spells are a little harder to cast,
                  | but a little more powerful. [potion of mutation]
   170 | D        | Gained mutation: Your movements are slightly less
                  | encumbered by armour. (ER -2) [potion of mutation]
   182 | D        | Lost mutation: Your movements are slightly less encumbered
                  | by armour. (ER -2) [potion of mutation]
   182 | D        | Lost mutation: Your spells are a little harder to cast, but
                  | a little more powerful. [potion of mutation]
   182 | D        | Gained mutation: You evolve. [potion of mutation]
   182 | D        | Gained mutation: You have large cloven feet. [potion of
                  | mutation]
   183 | D        | Lost mutation: You have large cloven feet. [potion of
                  | mutation]
   183 | D        | Gained mutation: You possess an exceptional clarity of
                  | mind. [potion of mutation]
   183 | D        | Gained mutation: You are frail. (-10% HP) [potion of
                  | mutation]
   183 | D        | Gained mutation: You are resistant to hostile enchantments.
                  | (MR+) [potion of mutation]
   184 | D        | Noticed a water elemental
   188 | D        | Demolished by a water elemental

Skill      XL: |  1  2  3 |
---------------+----------+-----
Long Blades    | 7 |  7.1
Fighting       | 8 |  8.5
Armour         | |  3.2
Shields        | |  3.2

Action                   |  1- 3 |  4- 6 || total
-------------------------+-------+-------++-------
Melee: Long sword        |    26 |     3 ||    29
  Use: Potion            |     1 |     4 ||     5
Armor: Scale mail        |     2 |     1 ||     3
Dodge: Dodged            |     5 |       ||     5
Block: Shield            |     9 |     1 ||    10
